 Dungeon Crawl Stone Soup version 0.31-a0-1008-g5b978dac0e (webtiles) character file.

Game seed: 4937181200459218058

1 Chiseanne the Sneak (level 1, 0/16 HPs)
             Began as an Octopode Delver on Nov 12, 2023.
             Slain by an ufetubus (4 damage)
             ... on level 4 of the Dungeon.
             The game lasted 00:00:12 (15 turns).

Chiseanne the Sneak (Octopode Delver)                 Turns: 15, Time: 00:00:12

Health: 0/16       AC:  1    Str: 11    XL:     1   Next: 20%
Magic:  1/1        EV: 13    Int: 12    God:
Gold:   14         SH:  0    Dex: 13    Spells: 0/0 levels left

rFire   . . .        a - +0 mace
rCold   . . .        (no shield)
rNeg    . . .        (helmet restricted)
rPois   .            (no amulet)
rElec   .            (no ring)
rCorr   .            (no ring)
SInv    .            (no ring)
Will    .....        (no ring)
Stlth   ++++         (no ring)
HPRegen 0.22/turn    (no ring)
MPRegen 0.07/turn    (no ring)
                     (no ring)

%: no passive effects
@: no status effects
A: almost no armour, amphibious, 8 rings, camouflage 1, gelatinous body 1,
(nimble swimmer 1), tentacles
a: no special abilities


You were on level 4 of the Dungeon.
You visited 1 branch of the dungeon, and saw 2 of its levels.

You collected 14 gold pieces.

Inventory:

Hand Weapons
 a - a +0 mace (weapon)
Wands
 f - a wand of digging (3)
Scrolls
 b - a scroll of fog
 c - a scroll of revelation
 d - a scroll of fear
Potions
 e - a potion of haste


   Skills:
 * Level 3.0 Fighting
 - Level 2.0 Maces & Flails
 * Level 2.0 Dodging
 * Level 6.6 Stealth


You couldn't memorise any spells.
You didn't know any spells.
Your spell library was empty.

Dungeon Overview and Level Annotations

Branches:
Dungeon (5/15)
 Temple: D:4-7

Altars:


Innate Abilities, Weirdness & Mutations

You cannot wear most types of armour.
You are amphibious.
You can wear up to eight rings at the same time.
Your skin changes colour to match your surroundings (Stealth+).
Your rubbery body absorbs attacks. (AC +1, EV +1)
((You are camouflaged when in or above water. (Stealth+)))
You have tentacles for arms and can constrict up to eight enemies at once.


Message History

Options error: Couldn't parse integer option travel_delay: "1 (or -1 online)" (~/.crawlrc:138) Options error: Couldn't parse integer option rest_delay: "-1 (or -1 online)" (~/.crawlrc:140) Options error: Unknown explore stop condition 'greedy_sacrificeable' (~/.crawlrc:146) Welcome, Chiseanne the Octopode Delver.
The Orb of Zot is coveted for many reasons.
Will you seize it for your own?
Press ? for a list of commands and other information.
Found a scroll labelled DIUNOUCLUOG.
An adder comes into view.
There is a stone staircase leading up here.
You climb upwards.
Found 14 gold pieces and a flail.
There is a stone staircase leading down here.
A kobold comes into view. It is wielding a +0 club.
A kobold comes into view. It is wielding a +3 dagger.
Found 16 gold pieces.
An ufetubus comes into view.
You see here 14 gold pieces.
You now have 14 gold pieces.
The kobold shouts!
The kobold hits you with a +0 club.
You barely miss the kobold. Your grab misses the kobold.
You squeeze the kobold.
You kill the kobold!
The ufetubus slips past you! The ufetubus barely misses you.
The ufetubus closely misses you.
You hit the kobold but do no damage. Your grab misses the kobold.
The ufetubus hits you. The ufetubus closely misses you.
The kobold closely misses you. The ufetubus hits you.
The ufetubus barely misses you.
You hit the ufetubus but do no damage. You grab the ufetubus.
You tentacle-slap the ufetubus.
The ufetubus is lightly wounded.
You constrict the ufetubus. The ufetubus hits you.
* * * LOW HITPOINT WARNING * * *
The ufetubus barely misses you. The kobold closely misses you.
The ufetubus misses you. The ufetubus hits you.
You die...

......)............#
..............#..##.
....................
...................
#.#..............#
..........>......# ~
#.........##...#
~~~P####.....##..# #
~~~...K@5....#...#
~~...>..........##
~..$........#..##
#.........######
#..........
#...........
##....###.### ##...
###


You could see an ufetubus and a kobold.

Vanquished Creatures
  A kobold (D:4)
1 creature vanquished.

Notes
Turn   | Place    | Note
-------+----------+-------------------------------------------
     0 | D:5      | Chiseanne the Octopode Delver began the quest for the Orb.
     0 | D:5      | Reached XP level 1. HP: 16/16 MP: 1/1
    15 | D:4      | Slain by an ufetubus

Illustrated notes

Levels and vault maps discovered:
D:4:      layout_cave_pools, mainiacjoe_overflow_alcove_2, serial_demonic,
          serial_demonic_a, serial_demonic_e, serial_demonic_d,
          serial_demonic_c, serial_demonic_e, serial_demonic_f,
          hangedman_abyss_or_decor_passed
D:5:      layout_loops_cross, grunt_decor_clamped, dk_vineyard_3, uniq_grinder,
          uniq_menkaure

Action                     || total
---------------------------++-------
  Melee: Mace              ||     3
         Constrict         ||     1
         Punch             ||     1
         Tentacles         ||     1
 Armour: Skin              ||     5
  Dodge: Dodged            ||     8

Table legend: (Time is in decaauts)
 A = Elapsed time spent in this place.
 B = Non-inter-level travel time spent in this place.
 C = Inter-level travel time spent in this place.
 D = Time resting spent in this place.
 E = Time spent auto-exploring this place.
 F = Levels seen in this place.
 G = Mean time per level.
                   A        B        C        D        E       F      G
               +--------+--------+--------+--------+--------+-----+--------+
         Total |     15 |     15 |      0 |      0 |      0 |   2 |    7.5 |
       Dungeon |     15 |     15 |      0 |      0 |      0 |   2 |    7.5 |
               +--------+--------+--------+--------+--------+-----+--------+

Top non-repeatable levels by time:
     D:4: 12 daAuts
     D:5: 3 daAuts
